 Dungeon Crawl Stone Soup version 0.30-a0-618-gd6c86c23d0 (webtiles) character file.

Game seed: 6528075148505144921

21 Leeroy the Insei (level 2, -3/21 HPs)
             Began as a Merfolk Transmuter on Jan 9, 2023.
             Slain by an iguana (13 damage)
             ... on level 4 of the Dungeon.
             The game lasted 00:01:08 (1008 turns).

Leeroy the Insei (Merfolk Transmuter)               Turns: 1008, Time: 00:01:08

Health: -3/21      AC:  2    Str: 10    XL:     2   Next: 83%
Magic:  5/5        EV: 12    Int: 12    God:
Gold:   62         SH:  0    Dex: 14    Spells: 4/5 levels left

rFire   . . .      SeeInvis .      - Unarmed
rCold   . . .      Faith    .    (no shield)
rNeg    . . .      Spirit   .    a - +0 robe
rPois   .          Reflect  .    (no helmet)
rElec   .          Harm     .    (no cloak)
rCorr   .          Rampage  .    (no gloves)
Will    .....                    (no boots)
Stlth   ++                       (no amulet)
HPRegen 0.23/turn                (no ring)
MPRegen 0.09/turn                (no ring)

@: no status effects
A: (nimble swimmer 2), mertail
a: no special abilities


You were on level 4 of the Dungeon.
You visited 1 branch of the dungeon, and saw 3 of its levels.

You collected 62 gold pieces.

Inventory:

Hand Weapons
 f - a +0 lajatang
Armour
 a - a +0 robe (worn)
Scrolls
 c - a scroll of poison {unknown}
 e - a scroll of identify {unknown}
 g - a scroll of vulnerability {unknown}
 i - a scroll of fog {unknown}
Potions
 b - a potion of lignification
 d - a potion of mutation {unknown}
 h - a potion of flight {unknown}
 j - a potion of curing {unknown}


   Skills:
 - Level 1.1 Fighting
 - Level 2.6 Dodging
 * Level 2.9 Stealth
 - Level 3.2 Unarmed Combat
 - Level 2.0 Spellcasting
 - Level 2.6 Transmutations


You had 4 spell levels left.
You knew the following spells:

 Your Spells              Type           Power      Damage    Failure   Level
a - Beastly Appendage     Tmut           14%        N/A       9%          1

Your spell library contained the following spells:

 Spells                   Type           Power      Damage    Failure   Level
 Wereblood                Tmut           7%         N/A       14%         2
 Sting                    Tmut/Pois      16%        1d3       16%         1
 Poisonous Vapours        Pois/Air       2%         N/A       38%         2
 Spider Form              Tmut/Pois      4%         N/A       43%         3
 Ozocubu's Armour         Ice            1%         N/A       63%         3
 Ice Form                 Ice/Tmut       4%         N/A       83%         4
 Olgreb's Toxic Radiance  Pois           1%         N/A       95%         4
 Ozocubu's Refrigeration  Ice            0%         4d7       100%        7


Dungeon Overview and Level Annotations

Branches:
Dungeon (2/15)

Altars:


Innate Abilities, Weirdness & Mutations

((You are very nimble when in or above water. (Stealth+, EV+, Speed+++)))
Your lower body shifts to a powerful aquatic tail in water.


Message History

An orc is nearby!
An orc is nearby!
An orc is nearby!
An orc is nearby!
Found a short sword.
Found two stone staircases leading up.
There is an open door here.
An orc is nearby!
The helpless orc fails to defend itself.
You punch the orc!
You kill the orc!
No target in view!
No target in view!
No target in view!
No target in view!
You now have 53 gold pieces (gained 5).
You now have 62 gold pieces (gained 9).
An orc and an iguana come into view.
There are monsters nearby!
There are monsters nearby!
The orc shouts!
Found 6 gold pieces.
You hit the iguana.
The iguana is lightly wounded.
The orc barely misses you. The iguana bites you!
You barely miss the iguana.
The iguana is lightly wounded.
The iguana hisses menacingly.
The iguana closely misses you. The orc hits you with a +0 short sword.
You hit the iguana but do no damage.
The iguana is lightly wounded.
The iguana bites you but does no damage.
The orc hits you with a +0 short sword.
You are too injured to fight recklessly!
You are too injured to fight recklessly!
You are too injured to fight recklessly!
You are too injured to fight recklessly!
You are too injured to fight recklessly!
You closely miss the orc. The iguana bites you!
Ouch! That really hurt!
You die...

#........ #........
....... ### #....# ####
###
#..###...<###..####..###
.............).........#
.......................#
...).............l.....#
................@o.....#
.......................#
..<....................#
######'###.####.......##
#..###..##.#########..#
.........#....# ....
.........#....# ...
.........#....# .$
.........#....#


You could see an iguana and an orc.

Vanquished Creatures
  2 dart slugs (D:1)
  An orc (D:4)
  2 endoplasms (D:1)
  2 goblins (D:1)
  3 jackals (D:1)
  2 quokkas (D:1)
  A bat (D:1)
  A kobold (D:1)
14 creatures vanquished.

Notes
Turn   | Place    | Note
-------+----------+-------------------------------------------
     0 | D:1      | Leeroy the Merfolk Transmuter began the quest for the Orb.
     0 | D:1      | Reached XP level 1. HP: 15/15 MP: 3/3
    92 | D:1      | Reached skill level 1 in Stealth
   159 | D:1      | Reached XP level 2. HP: 3/21 MP: 5/5
   415 | D:1      | Found a faded altar of an unknown god.
   950 | D:2      | You fall into a shaft and drop 2 floors!
  1008 | D:4      | Slain by an iguana

Illustrated notes

Levels and vault maps discovered:
D:1:      lemuel_arrival_tunnels, layout_loops_ring,
          hellmonk_ecumenical_altar_leap_of_faith
D:2:      layout_basic
D:4:      layout_gridville

Skill      XL: |  1 |
---------------+----+-----
Stealth        | 2 |  2.9
Fighting       | |  1.1
Dodging        | |  2.6
Unarmed Combat | |  3.2
Spellcasting   | |  2.0
Transmutations | |  2.6

Action                   || total
-------------------------++-------
Melee: Unarmed           ||    52
 Stab: Sleeping          ||     4
Armor: Robe              ||    10
Dodge: Dodged            ||    19

Table legend: (Time is in decaauts)
 A = Elapsed time spent in this place.
 B = Non-inter-level travel time spent in this place.
 C = Inter-level travel time spent in this place.
 D = Time resting spent in this place.
 E = Time spent auto-exploring this place.
 F = Levels seen in this place.
 G = Mean time per level.
                   A        B        C        D        E       F      G
               +--------+--------+--------+--------+--------+-----+--------+
         Total |   1004 |    927 |     77 |      0 |    799 |   3 |  334.7 |
       Dungeon |   1004 |    927 |     77 |      0 |    799 |   3 |  334.7 |
               +--------+--------+--------+--------+--------+-----+--------+

Top non-repeatable levels by time:
     D:1: 947 daAuts
     D:4: 57 daAuts
